 Dungeon Crawl Stone Soup version 0.30-a0-365-ge7f957f1db (webtiles) character file.

Game seed: 5861473242364255820

77 mopl the Insei (level 4, -2/32 HPs)
             Began as a Djinni Transmuter on Nov 16, 2022.
             Killed by divine providence
             ... invoked by an orc priest
              (17 damage)
             ... on level 3 of the Dungeon.
             The game lasted 00:02:50 (1748 turns).

mopl the Insei (Djinni Transmuter)                  Turns: 1748, Time: 00:02:50

Health: -2/32      AC:  2    Str: 11    XL:     4   Next: 60%
Gold:   118        EV: 12    Int: 15    God:
                   SH:  0    Dex: 19

rFire   + + .      SeeInvis .    h - +2 quarterstaff (speed)
rCold   x . .      Faith    .    (shield currently unavailable)
rNeg    . . .      Spirit   .    a - +0 robe
rPois   ∞          Reflect  .    (helmet currently unavailable)
rElec   .          Harm     .    (no cloak)
rCorr   .          Rampage  .    (no gloves)
Will    .....                    (boots unavailable)
Stlth   ++........               (no amulet)
HPRegen 0.25/turn                g - +6 ring of dexterity
MPRegen 0.00/turn                (no ring)

@: appendages (expiring), flying
A: horns 2, flying, sickness immunity, fire resistance 2, cold vulnerability 1,
float, innate caster, HP casting, extra vitality 1
a: End Transformation


You were on level 3 of the Dungeon.
You had temporarily grown beastly horns.
You visited 1 branch of the dungeon, and saw 3 of its levels.

You collected 118 gold pieces.

Inventory:

Hand Weapons
 h - a +2 quarterstaff of speed (weapon)
 p - a +0 dagger of venom
Missiles
 f - 5 poisoned darts
 j - a throwing net
Armour
 a - a +0 robe (worn)
 o - the +2 leather armour of the Endless Expanse {MP+9 Int+3}
   (You found it on level 2 of the Dungeon)

   Int:       It affects your intelligence (+3).
   MP:        It affects your magic capacity (+9).
Jewellery
 g - a +6 ring of dexterity (left hand)
Wands
 m - a wand of digging (4)
Scrolls
 e - 2 scrolls of identify {unknown}
 i - 2 scrolls of brand weapon {unknown}
 l - a scroll of blinking {unknown}
 n - a scroll of magic mapping {unknown}
Potions
 b - 2 potions of lignification {!q}
 c - a potion of curing {unknown}
 d - a potion of berserk rage {unknown}
 k - a potion of magic {unknown}


   Skills:
 - Level 1.0 Fighting
 - Level 2.1 Dodging
 * Level 4.4 Unarmed Combat
 + Level 2.3 Spellcasting


You couldn't memorise any spells.
You knew the following spells:

 Your Spells              Type           Power      Damage    Failure   Level
a - Beastly Appendage     Tmut           16%        N/A       9%          1
b - Spider Form           Tmut/Pois      8%         N/A       26%         3
c - Freeze                Ice            32%        1d5       9%          1
d - Ice Form              Ice/Tmut       8%         N/A       63%         4
w - Wereblood             Tmut           8%         N/A       13%         2
Your spell library was empty.

Dungeon Overview and Level Annotations

Branches:
Dungeon (3/15)

Altars:


Innate Abilities, Weirdness & Mutations

You have temporarily grown beastly horns.
You are flying.
You are immune to sickness and miasma.
You are immune to poison.
Your flesh is very heat resistant. (rF++)
You are vulnerable to cold. (rC-)
You float through the air rather than walking.
You learn spells naturally, not from books.
Your magical power is your life essence.
You have superior vitality. (+4 MHP)


Message History

No target in view!
No target in view!
Things that are here:
a +0 dagger of venom; a +0 sling; a goblin corpse
p - a +0 dagger of venom You now have 118 gold pieces (gained 2).
Done exploring.
Done exploring.
(D) Dungeon
Where to? (Enter - D:2, ? - help)
What level of the Dungeon? (default 1, ? - help)
There is a stone staircase leading down here.
You fly downwards.
Found a scale mail.
There is a stone staircase leading up here.
HP restored.
You see here a +0 scale mail.
You reach down and open the door.
Found a shimmering blue altar of Sif Muna.
An orc priest and 2 orcs come into view.
The orc shouts! x2
You grow a pair of large bovine horns.
The orc barely misses you.
An orc comes into view.
It is wielding a +0 falchion and wearing a +1 leather armour of cold resistance.
The orc priest looks encouraged for a moment.
The orc hits you with a +0 short sword.
The orc throws a boomerang.
The boomerang closely misses you.
The orc priest invokes the aid of Beogh against you.
Beogh smites you! The orc attacks as you move away!
The orc completely misses you.
The orc throws a boomerang.
The boomerang hits you. The orc attacks as you move away!
The orc closely misses you. The orc attacks as you move away!
The orc closely misses you. The orc attacks as you move away!
The orc barely misses you. The orc attacks as you move away!
The orc hits you with a +0 short sword.
Your transformation is almost over.
The orc attacks as you move away! The orc barely misses you.
The orc priest mumbles some strange prayers to Beogh against you.
Beogh smites you!
Ouch! That really hurt!
You die...

#.#.#.# ##.#.#.##
#.####..#.#..#
#......##.##.##
...##..#...#..#
.......#._.#..#
.......# ..#..####
#.####.##.##..o..#
# #..#.#...##@#
##.#.#.o.##o#
#.#.#..###o#
#.#'#..# #.#
#......###.#
##.##....o.#
##.....#####
+.......#
####...##


You could see an orc priest and 3 orcs.

Vanquished Creatures
  4 gnolls (D:2)
  2 ball pythons (D:1)
  2 endoplasms
  5 giant cockroaches
  6 goblins
  5 hobgoblins (D:2)
  2 quokkas
  6 bats
  2 frilled lizards (D:1)
  A kobold (D:1)
  3 rats (D:1)
38 creatures vanquished.

Notes
Turn   | Place    | Note
-------+----------+-------------------------------------------
     0 | D:1      | mopl the Djinni Transmuter began the quest for the Orb.
     0 | D:1      | mopl set off with the following spells memorised: Beastly
                  | Appendage, Wereblood, Spider Form, Ice Form.
     0 | D:1      | Reached XP level 1. HP: 17/17 MP: 0/0
   139 | D:1      | Reached XP level 2. HP: 15/22 MP: 0/0
   837 | D:2      | Reached XP level 3. HP: 27/27 MP: 0/0
   837 | D:2      | Learned a level 1 spell: Freeze
   917 | D:2      | Reached skill level 2 in Spellcasting
   920 | D:2      | Reached skill level 4 in Unarmed Combat
  1020 | D:2      | Reached XP level 4. HP: 25/32 MP: 0/0
  1539 | D:2      | Identified the +2 leather armour of the Endless Expanse
                  | {MP+9 Int+3}
  1748 | D:3      | Killed from afar by an orc priest

Illustrated notes

Levels and vault maps discovered:
D:1:      scummos_arrival_checkerplants, layout_basic, st_stairs_2
D:2:      layout_basic
D:3:      layout_loops_corners, mainiacjoe_overflow_surrounded_room,
          mainiacjoe_overflow_brackets, gammafunk_temple_overflow_elements,
          shapermc_ecumenical_altar_mp_vishouse, minmay_joined_circles

Skill      XL: |  1  2  3 |
---------------+----------+-----
Spellcasting   | 2 |  2.3
Unarmed Combat | 4 |  4.4
Fighting       | |  1.0
Dodging        | |  2.1

Action                   |  1- 3 |  4- 6 || total
-------------------------+-------+-------++-------
Melee: Unarmed           |    39 |     2 ||    41
       Headbutt          |     1 |     1 ||     2
       Quarterstaff      |    24 |    41 ||    65
 Cast: Beastly Appendage |     6 |     6 ||    12
       Spider Form       |     2 |     1 ||     3
 Stab: Sleeping          |     2 |     1 ||     3
Armor: Robe              |    18 |     7 ||    25
Dodge: Dodged            |    49 |    42 ||    91

Table legend: (Time is in decaauts)
 A = Elapsed time spent in this place.
 B = Non-inter-level travel time spent in this place.
 C = Inter-level travel time spent in this place.
 D = Time resting spent in this place.
 E = Time spent auto-exploring this place.
 F = Levels seen in this place.
 G = Mean time per level.
                   A        B        C        D        E       F      G
               +--------+--------+--------+--------+--------+-----+--------+
         Total |   1738 |   1691 |     47 |    197 |   1154 |   3 |  579.3 |
       Dungeon |   1738 |   1691 |     47 |    197 |   1154 |   3 |  579.3 |
               +--------+--------+--------+--------+--------+-----+--------+

Top non-repeatable levels by time:
     D:1: 1040 daAuts
     D:2: 616 daAuts
     D:3: 81 daAuts
